 Dungeon Crawl Stone Soup version 0.28.0-43-g3370ac3207 (webtiles) character file.

Game seed: 6092661296002932677

67 styxcanada the Sneak (level 3, -2/18 HPs)
             Began as a Spriggan Brigand on Mar 31, 2022.
             Killed from afar by Terence (12 damage)
             ... with a puff of flame
             ... on level 2 of the Dungeon.
             The game lasted 00:05:59 (2015 turns).

styxcanada the Sneak (Spriggan Brigand)             Turns: 2015, Time: 00:05:59

Health: -2/18      AC:  3    Str:  7    XL:     3   Next: 98%
Magic:  4/4        EV: 16    Int: 12    God:
Gold:   37         SH:  0    Dex: 18    Spells: 2/2 levels left

rFire   . . .      SeeInvis +   a - +2 dagger
rCold   . . .      Faith    .   (no shield)
rNeg    . . .      Spirit   .   b - +0 robe
rPois   .          Reflect  .   (helmet restricted)
rElec   .          Harm     .   c - +0 cloak
rCorr   .          Rampage  .   (gloves unavailable)
Will    .....                   (boots unavailable)
Stlth   ++++......              i - amulet of the acrobat
HPRegen 0.06/turn               (no ring)
MPRegen 0.09/turn               (no ring)

@: very quick
A: very small, no large weapons, unfitting armour, see invisible, speed 3
a: no special abilities


You were on level 2 of the Dungeon.
You visited 1 branch of the dungeon, and saw 2 of its levels.

You collected 37 gold pieces.

Inventory:

Hand Weapons
 a - a +2 dagger (weapon)
Missiles
 d - 4 poisoned darts (quivered)
 e - 2 curare-tipped darts
 f - 47 stones
Armour
 b - a +0 robe (worn)
 c - a +0 cloak (worn)
Jewellery
 i - an amulet of the acrobat (around neck)
 j - an amulet of faith
Scrolls
 g - a scroll of vulnerability {unknown}
 h - 3 scrolls of identify {unknown}
 k - a scroll of enchant armour {unknown}
 l - a scroll of teleportation {unknown}
Potions
 m - a potion of berserk rage {unknown}
 n - a potion of degeneration {unknown}


   Skills:
 * Level 1.7 Fighting
 + Level 2.6 Short Blades
 + Level 2.4 Throwing
 + Level 1.6 Dodging
 * Level 7.5 Stealth


You had 2 spell levels left.
You didn't know any spells.
Your spell library was empty.

Dungeon Overview and Level Annotations

Branches:
Dungeon (2/15)

Altars:

Shops:
D:2 :

Annotations:
D:2 Terence


Innate Abilities, Weirdness & Mutations

You are very small and have problems with some larger weapons.
You are too small for most types of armour.
You have supernaturally acute eyesight. (SInv)
You cover ground extremely quickly. (Speed+++)


Message History

You kill the goblin!
You see here a +0 club.
f - 47 stones (gained 23)
A worm comes into view.
Found a leather armour.
Terence the Incautious comes into view.
He is wielding a +0 mace and carrying a wand of flame (8).
Terence shouts!
Terence screams, "I'm going to kill you!"
A black bear comes into view.
Found 18 stones.
Found Meas's Book Boutique.
You see here a scroll labelled ZOLOMI FOLOE.
Terence shouts, "DIE!!!"
Terence zaps a wand.
The puff of flame misses you.
Throw: 8 darts (poison)
Press: ? - help, Q - select action, (/) - cycle Shift-Dir - straight line, f - Terence
Aim: Terence, wielding a +0 mace, wearing a +0 chain mail and carrying a wand of flame (7) (69% to hit)
You throw a poisoned dart. The poisoned dart hits Terence.
Terence is poisoned.
Terence zaps a wand.
The puff of flame misses you.
Throw: 7 darts (poison)
Press: ? - help, Q - select action, (/) - cycle Shift-Dir - straight line, f/p - Terence
Aim: Terence, wielding a +0 mace, wearing a +0 chain mail and carrying a wand of flame (6) (poisoned, 69% to hit)
You throw a poisoned dart.
The poisoned dart closely misses Terence.
The poisoned dart hits the worm.
Throw: 6 darts (poison)
Press: ? - help, Q - select action, (/) - cycle Shift-Dir - straight line, f/p - Terence
Aim: Terence, wielding a +0 mace, wearing a +0 chain mail and carrying a wand of flame (6) (lightly wounded, poisoned, 69% to hit)
You throw a poisoned dart. The poisoned dart hits Terence.
Terence looks even sicker.
Terence is lightly wounded.
Terence zaps a wand.
The puff of flame hits you!
Throw: 5 darts (poison)
Press: ? - help, Q - select action, (/) - cycle Shift-Dir - straight line, f/p - Terence
Aim: Terence, wielding a +0 mace, wearing a +0 chain mail and carrying a wand of flame (5) (lightly wounded, very poisoned, 69% to hit)
You throw a poisoned dart. The poisoned dart hits Terence.
Terence looks even sicker.
Terence is lightly wounded.
Terence zaps a wand.
The puff of flame hits you!
Ouch! That really hurt!
You die...

#(# .... #...## #w#
#...###...#. #@#
#........... #.#
#.#..<..#. #.##
#.##..###. #..#
#.##...... ##.#
####.##.†..#. #.#
#............
###@####.#...###.#..
#...........## #.#..
#.........#)# #....
#.......÷.#†## ##..
#.....÷...#..# #.#
#.........##.# #.#
#.........##..## #.#
#.........###..###.#
#.........####..##)#


You could see Terence (very poisoned) and a worm.

Vanquished Creatures
  An adder (D:2)
  2 dart slugs (D:1)
  3 endoplasms (D:1)
  2 giant cockroaches
  5 goblins
  4 hobgoblins
  4 jackals (D:1)
  4 kobolds
  3 quokkas (D:1)
  8 ball pythons
  6 bats
  3 frilled lizards
  3 rats
48 creatures vanquished.

Notes
Turn   | Place    | Note
-------+----------+-------------------------------------------
     0 | D:1      | styxcanada the Spriggan Brigand began the quest for the
                  | Orb.
     0 | D:1      | Reached XP level 1. HP: 10/10 MP: 2/2
    10 | D:1      | Reached skill level 6 in Stealth
    63 | D:1      | Reached XP level 2. HP: 4/14 MP: 3/3
   599 | D:1      | Reached skill level 7 in Stealth
   621 | D:1      | Found a faded altar of an unknown god.
   751 | D:1      | Reached XP level 3. HP: 18/18 MP: 4/4
  1999 | D:2      | Noticed Terence
  2000 | D:2      | Noticed a black bear
  2002 | D:2      | Found Meas's Book Boutique.
  2015 | D:2      | Killed from afar by Terence

Illustrated notes

Levels and vault maps discovered:
D:1:      dpeg_arrival_shrine, layout_basic,
          chequers_ecumenical_altar_simple_redux, minmay_misc_feat_four_crosses
D:2:      layout_rooms, serial_shops, shop, minmay_misc_feat_alley,
          uniq_terence, uniq_sigmund, uniq_robin

Skill      XL: |  1  2 |
---------------+-------+-----
Stealth        | 6 7 |  7.5
Fighting       | |  1.7
Short Blades   | |  2.6
Throwing       | |  2.4
Dodging        | |  1.6

Action                   || total
-------------------------++-------
Melee: Dagger            ||   111
       Punch             ||     3
Throw: Dart              ||    25
 Stab: Sleeping          ||    16
Armor: Robe              ||     9
Dodge: Dodged            ||    72
